 Dungeon Crawl Stone Soup version 0.31-a0-692-gf03d1854d5 (webtiles) character file.

Game seed: 13511980374422921108

45 qw the Shooter (level 3, -1/21 HPs)
             Began as a Gargoyle Hunter on Sept 6, 2023.
             Slain by a gnoll
             ... wielding a +0 flail
              (3 damage)
             ... on level 2 of the Dungeon.
             The game lasted 00:00:22 (602 turns).

qw the Shooter (Gargoyle Hunter)                     Turns: 602, Time: 00:00:22

Health: -1/21      AC:  8    Str: 14    XL:     3   Next: 64%
Magic:  3/3        EV: 11    Int:  9    God:
Gold:   77         SH:  0    Dex: 15    Spells: 2/2 levels left

rFire   . . .        Y - +0 shortbow
rCold   . . .        (shield currently unavailable)
rNeg    + . .        j - +0 ring mail
rPois   inf          (no helmet)
rElec   +            (no cloak)
rCorr   .            (no gloves)
SInv    .            (no boots)
Will    .....        (no amulet)
Stlth   +            (no ring)
HPRegen 0.23/turn    (no ring)
MPRegen 0.08/turn

%: no passive effects
@: no status effects
A: sickness immunity, AC +3, negative energy resistance 1, electricity
resistance, torment resistance 1, petrification resistance
a: no special abilities


You were on level 2 of the Dungeon.
You visited 1 branch of the dungeon, and saw 2 of its levels.

You collected 77 gold pieces.


Innate Abilities, Weirdness & Mutations

You are immune to sickness and miasma.
Your stone body is resilient. (AC +3)
You are immune to poison.
You resist negative energy. (rN+)
You are resistant to electric shocks. (rElec)
You are resistant to unholy torment.
You are immune to petrification.


   Skills:
 - Level 2.1 Fighting
 + Level 5.0 Ranged Weapons
 - Level 1.4 Armour
 - Level 1.5 Dodging
 - Level 1.1 Stealth


You had 2 spell levels left.
You didn't know any spells.
Your spell library was empty.

Inventory:

Hand Weapons
 Y - a +0 shortbow (weapon)
Armour
 j - a +0 ring mail (worn)
Scrolls
 a - a scroll of enchant weapon {unknown}
 c - a scroll of amnesia {unknown}
Potions
 b - a potion of heal wounds {unknown}
 d - a potion of invisibility {unknown}
 e - a potion of might
 i - a potion of degeneration {unknown}

Dungeon Overview and Level Annotations

Branches:
Dungeon (2/15)

Altars:

Shops:
D:1 (   D:2 :


Message History

Enter note: A quokka comes into view.
Enter note: You shoot an arrow.
The arrow completely misses the quokka.
You hear a shout!
The quokka bites you but does no damage. x2
You hear a shout!
You shoot an arrow. The arrow closely misses the quokka.
The quokka barely misses you.
You shoot an arrow. The arrow closely misses the quokka.
The quokka bites you but does no damage.
The quokka barely misses you.
You shoot an arrow. The arrow barely misses the quokka.
A gnoll comes into view. It is wielding a +0 flail.
The quokka closely misses you.
You shoot an arrow. The arrow hits the quokka.
The quokka is severely wounded.
The quokka bites you but does no damage.
The quokka bites you.
A gnoll comes into view. It is wielding a +0 halberd.
You shoot an arrow. The arrow barely misses the quokka.
The quokka barely misses you.
You shoot an arrow. The arrow barely misses the quokka.
The quokka misses you.
A gnoll comes into view. It is wielding a +0 spear of venom.
The quokka misses you.
You shoot an arrow. The arrow hits the quokka.
You kill the quokka!
Your Ranged Weapons skill increases to level 5!
Enter note:
601 |||
Found retreat position at -4,0 (floor) with 0 blocking monsters and 1 monsters attacking at destination at distance 4
Enter note:
601 ||| Stepping ~*~*~tactically~*~*~ (retreating).
The gnoll hits you with a +0 flail.
You shoot an arrow. The arrow hits the gnoll.
The gnoll is moderately wounded.
The gnoll hits you from afar with a +0 halberd!
The gnoll hits you with a +0 flail! The gnoll hits you but does no damage.
The gnoll hits you with a +0 flail.
You die...

#.#####..##...#
.......#.)............
}...}.#.##.######...
g\...#.##.# ##.##
..}.#.##.#######.##
g..#.##......)....
#g##.#..#######^.#
#.##g##.#.########..#
#...@....#..........#
#######.###.######...
..## ##.........
###.###.#.###.:..
#.#.##.# #.... #.###.#
#.... #.###.####...
#....<..##..>
#####.#......


You could see 3 gnolls.

Vanquished Creatures
  An adder (D:2)
  A ball python (D:2)
  3 endoplasms
  5 goblins
  3 hobgoblins
  2 kobolds
  5 quokkas
  4 bats
  A frilled lizard (D:1)
  7 rats
32 creatures vanquished.

Notes
Turn   | Place    | Note
-------+----------+-------------------------------------------
     0 | D:1      | qw the Gargoyle Hunter began the quest for the Orb.
     0 | D:1      | Reached XP level 1. HP: 12/12 MP: 1/1
     0 | D:1      | 0 ||| qw: Version: 0.3-a-76-g4403597
     0 | D:1      | 0 ||| qw: Game counter: 241
     0 | D:1      | 0 ||| qw: Melee chars always use a shield: true
     0 | D:1      | 0 ||| qw: God list: Okawaru
     0 | D:1      | 0 ||| qw: Allow faded altars: false
     0 | D:1      | 0 ||| qw: Do Orc after clearing Dungeon:15 true
     0 | D:1      | 0 ||| qw: Do second Lair branch before Depths: true
     0 | D:1      | 0 ||| qw: Lair rune preference: random
     0 | D:1      | 0 ||| qw: Goals: Normal
     0 | D:1      | 0 ||| PLANNING D:1-11
    59 | D:1      | Found Eqo Gallopri's Weapon Shoppe.
   174 | D:1      | Reached XP level 2. HP: 17/17 MP: 2/2
   368 | D:1      | 368 ||| UPGRADING to +0 ring mail.
   378 | D:1      | 378 ||| DROPPING +0 leather armour.
   379 | D:1      | 379 ||| READING scroll labelled FAFETHREPAA.
   384 | D:1      | 384 ||| READING scroll labelled SINURYA NIAS.
   385 | D:1      | 385 ||| READING scroll labelled TERHOE DOREERO.
   388 | D:1      | Reached XP level 3. HP: 21/21 MP: 3/3
   388 | D:1      | 388 ||| READING scroll labelled RYRPHU VUUS.
   389 | D:1      | 389 ||| DRINKING 2 fuming amethyst potions.
   390 | D:1      | 390 ||| DROPPING scroll of butterflies.
   488 | D:2      | Reached skill level 1 in Armour
   592 | D:2      | Found Ytasui's Vocational Training.
   601 | D:2      | Reached skill level 5 in Ranged Weapons
   601 | D:2      | 601 ||| Stepping ~*~*~tactically~*~*~ (retreating).
   602 | D:2      | HP: 2/21 [gnoll/+0 flail (8)]
   602 | D:2      | Slain by a gnoll

Levels and vault maps discovered:
D:1:      lemuel_arrival_cross, layout_basic, serial_shops, shop
D:2:      layout_loops_ring, nicolae_shop_vocational

Skill      XL: |  1  2  3 |
---------------+----------+-----
Armour         | 1 |  1.4
Ranged Weapons | 5 |  5.0
Fighting       | |  2.1
Dodging        | |  1.5
Stealth        | |  1.1

Action                     || total
---------------------------++-------
   Fire: Shortbow          ||    83
    Use: Scroll            ||     4
         Potion            ||     1
 Armour: Leather armour    ||     9
         Ring mail         ||    14
  Dodge: Dodged            ||    17

Table legend:
 A = Non-vault XP
 B = Vault XP
 C = Vault XP percentage of total XP
 D = Non-vault monster count
 E = Vault monster count
 F = Vault count percentage of total count
                 A         B        C        D         E       F
            +---------+---------+-------+---------+---------+-------
      Total |      65 |       0 |   0.0 |      32 |       0 |   0.0
            +---------+---------+-------+---------+---------+-------
        D:1 |      34 |       0 |   0.0 |      21 |       0 |   0.0
        D:2 |      31 |       0 |   0.0 |      11 |       0 |   0.0
            +---------+---------+-------+---------+---------+-------
